[Event "15th Chennai GM Open 2025"]
[Site "Chennai"]
[Date "2025.01.03"]
[Round "2.6"]
[White "Sarveshwaran V"]
[Black "Das, Sayantan"]
[Result "0-1"]
[ECO "B33"]
[WhiteElo "2150"]
[BlackElo "2434"]
[Annotator "TA"]
[PlyCount "92"]
[EventDate "2025.01.02"]
[EventType "swiss"]
[EventCountry "IND"]
[SourceTitle "playchess.com"]
[Source "ChessBase"]
[SourceQuality "1"]
[TimeControl "5400+30"]

1. e4 c5 2. Nf3 Nc6 3. d4 cxd4 4. Nxd4 Nf6 5. Nc3 h5 6. h3 g6 7. Be2 Bg7 8. Be3 O-O 9. Nb3 b6 10. O-O (10. Qd2 $14) 10... Bb7 $11 11. a3 Rc8 12. f4 d6 13. Bf3 e6 14. Rf2 Ne7 15. Rd2 {[%emt 0:15:09] [#]} (15. Qd3 $11) 15... Rxc3 $1 $17 16. Rxd6 {[%emt 0:04:46] [#]} Qa8 (16... Qc8 $1 $17 17. bxc3 Bxe4 (17... Nxe4 18. Bxe4 Bxe4 19. Bd4 $17)) 17. bxc3 $15 Bxe4 18. Rd3 {[%emt 0:14:00] [#]} Bxf3 $1 19. Qxf3 Qxf3 20. gxf3 Nfd5 21. Bd2 Rc8 22. a4 Nxc3 {[%emt 0:01:47] Black is more active.} (22... a5 $17 23. Rd1 Nf5 (23... Nxc3 24. Bxc3 Bxc3 25. Rd8+ Rxd8 26. Rxd8+ Kg7 27. Nd2 $11)) 23. a5 $1 Ned5 {[%emt 0:07:26] Excellent horsemanship.} (23... Ne2+ $6 24. Kf2 Nc3 (24... Bxa1 25. Nxa1 Nxf4 26. Bxf4 $18) 25. Rd7 $11) 24. axb6 axb6 (24... Ne2+ 25. Kf1 axb6 (25... Nexf4 $2 26. b7 $18) (25... Ng3+ $2 26. Kg2 $18) 26. Kxe2 $16) 25. Bxc3 ({Better is} 25. Ra7) 25... Bxc3 $17 26. Ra7 Bf6 ({Resist} 26... Nxf4 27. Rdd7 $15) 27. f5 gxf5 ({Don't play} 27... Rxc2 $6 28. fxg6 fxg6 29. Rb7 $15) 28. Rxd5 (28. Rd2 $17) 28... exd5 {[%emt 0:00:05][%mdl 4096] Endgame KRB-KRN. Black is two pawns up.} 29. Ra2 Rc3 30. Kf2 b5 31. Nc1 b4 32. Ne2 $2 (32. Rb2) 32... Ra3 $19 33. Nc1 Bg5 34. Rxa3 bxa3 {[%emt 0:00:05] KB-KN. Black is two pawns up.} 35. Na2 Kg7 36. Ke2 Kf6 37. Kd3 Ke5 38. Nc3 h4 {[%emt 0:01:14] aiming for ...Kf4.} 39. Na2 Be7 40. Kc3 Kf4 41. Kd4 Kg3 42. Kxd5 Kxh3 43. c4 Kg2 44. c5 {[%emt 0:00:17] [#]} Bxc5 $1 45. Kxc5 h3 46. f4 h2 0-1

[Event "15th Chennai GM Open 2025"]
[Site "Chennai"]
[Date "2025.01.03"]
[Round "2.7"]
[White "Deepan Chakkravarthy J."]
[Black "Anadkat Kartavya"]
[Result "1-0"]
[ECO "C70"]
[WhiteElo "2413"]
[BlackElo "2139"]
[Annotator "TA"]
[PlyCount "113"]
[EventDate "2025.01.02"]
[EventType "swiss"]
[EventCountry "IND"]
[SourceTitle "playchess.com"]
[Source "ChessBase"]
[SourceQuality "1"]
[TimeControl "5400+30"]

1. e4 e5 2. Nf3 Nc6 3. Bb5 a6 4. Ba4 f5 5. d4 exd4 6. e5 $1 (6. exf5 $6 Qe7+ 7. Qe2 Nf6 $15) 6... b5 7. Bb3 Na5 8. Qxd4 Bb7 9. Bd5 c6 10. Bxg8 $1 Rxg8 11. Qd3 (11. Bg5 Qc7 $11) 11... Qe7 12. Qxf5 h6 13. Nc3 {[%emt 0:09:06] White is more active.} Qe6 {[%emt 0:04:14] Inhibits Qg6+.} 14. Nd4 Qxf5 15. Nxf5 Nc4 16. O-O O-O-O 17. Ne4 Nxe5 18. Nfd6+ {[%emt 0:11:13] Excellent horsemanship.} Kc7 {[%emt 0:03:02] [#]} ({Black should try} 18... Bxd6 $1 $14 19. Nxd6+ Kc7) 19. Bd2 $1 $18 Nc4 {[%emt 0:13:24] Inhibits Ba5+.} 20. Nxc4 bxc4 21. Ba5+ Kc8 22. Bxd8 Kxd8 23. b3 d5 24. Nd2 c3 25. Nb1 (25. Nf3 $18) 25... Be7 26. Nxc3 Bf6 {[%emt 0:00:23] [#]} 27. Na4 $1 Bxa1 28. Rxa1 $16 {[%emt 0:00:03][%mdl 4096] Endgame KRB-KRN. White is a pawn up.} Bc8 29. Rd1 Kc7 30. f3 a5 31. Kf2 g5 32. c3 h5 33. Rd4 Kd6 34. c4 (34. Nb2 $16) 34... Be6 35. c5+ Ke5 36. Ke3 Bf5 37. Nc3 Rb8 {[%emt 0:02:50] [#]} (37... h4 $16 {was called for.} 38. Ne2 Rb8) 38. Ra4 (38. h4 $1 $18 ) 38... h4 39. g3 (39. Rxa5 $2 d4+ 40. Kd2 dxc3+ 41. Kxc3 Rd8 $19) 39... h3 40. Rd4 (40. Rxa5 $2 d4+ 41. Kd2 dxc3+ 42. Kxc3 Rd8 43. f4+ gxf4 44. gxf4+ Kxf4 45. Ra4+ Kf3 $19) ({Better is} 40. Kd2 $18) 40... Rb7 41. Ra4 Rb8 $1 42. Kd2 (42. Rxa5 $2 d4+ 43. Kd2 dxc3+ 44. Kxc3 Rd8 45. f4+ gxf4 46. gxf4+ Kxf4 $19) 42... d4 {[%emt 0:06:22] [#]} (42... Bg6 $142) 43. Ne2 $1 $18 Rd8 44. Rxa5 g4 45. fxg4 Bxg4 46. Ra7 {[%emt 0:00:59] Black must now prevent Nf4.} Kd5 47. Nf4+ Kxc5 48. Rg7 Bc8 49. Rh7 Kb4 (49... Rf8 $142 50. Rh5+ (50. Nxh3 Rf3 $16) 50... Kb6) 50. Rh5 {[%emt 0:00:47] Intending Nd3+ and mate.} ({Not} 50. Nxh3 Bxh3 (50... Ka3 $2 51. Ra7+ Kb2 52. Nf4 $18) 51. Rxh3 c5 $16) ({Don't take} 50. Nd3+ $6 Ka5 51. Rh6 Kb6 $16) 50... Ka3 (50... Ba6 $142 51. Rxh3 Ka3) 51. Ra5+ (51. Nxh3 Kxa2 52. b4 Be6 $15) 51... Kb2 (51... Kb4 $142 52. Ra8 c5 53. Rb8+ Ka5) 52. Nd3+ Kb1 53. Ra8 Rg8 54. b4 Be6 55. Rxg8 Bxg8 56. a4 Ka2 57. a5 1-0

[Event "15th Chennai GM Open 2025"]
[Site "Chennai"]
[Date "2025.01.03"]
[Round "2.8"]
[White "Vignesh B"]
[Black "Vaz, Ethan"]
[Result "0-1"]
[ECO "A48"]
[WhiteElo "2135"]
[BlackElo "2412"]
[Annotator "TA"]
[PlyCount "128"]
[EventDate "2025.01.02"]
[EventType "swiss"]
[EventCountry "IND"]
[SourceTitle "playchess.com"]
[Source "ChessBase"]
[SourceQuality "1"]
[TimeControl "5400+30"]

1. Nf3 Nf6 2. b3 g6 3. Bb2 Bg7 4. e3 O-O 5. Be2 d6 6. d4 Nbd7 7. h3 b6 {[%emt 0:01:49] A48: 1 d4 Nf6 2 Nf3 g6: Torre, London and Colle Systems.} 8. O-O Bb7 9. c4 Re8 10. Nc3 e5 $146 ({Predecessor:} 10... e6 11. Rc1 d5 12. cxd5 Nxd5 13. Nxd5 Bxd5 14. Qc2 c5 15. dxc5 Nxc5 16. Bxg7 Kxg7 {0-1 Hoang,T-Nguyen Thi Thu,Q VIE-ch U13 Girls 2002 (2)}) 11. Re1 h6 12. b4 Nh7 13. dxe5 dxe5 14. Qb3 Ng5 15. Nxg5 Qxg5 16. Nd5 Nf6 17. Bf1 (17. Nxc7 $2 Qxg2#) 17... Nxd5 18. cxd5 e4 19. Bxg7 Kxg7 20. Red1 Rad8 21. Qa4 Bxd5 22. Qxa7 Qe5 23. Qa4 c6 24. Qc2 b5 25. a4 bxa4 $1 26. Rxa4 Qf6 27. Ra6 Re6 28. Rd4 Red6 29. Qc5 Bb3 (29... R8d7 $14) 30. Rxd6 $1 $16 (30. Rxe4 Rd1 31. Rd4 (31. Qxc6 $2 Qxc6 32. Rxc6 Bd5 $19) (31. Rxc6 $2 Rxf1+ 32. Kh2 Qxf2 $19) 31... R8xd4 32. exd4 Bd5 $17) 30... Rxd6 31. Ra3 $2 {[%emt 0:00:40][%mdl 8192] [#]} (31. b5 $16 {is forced if you want to stay better.} Rd2 32. Ra8 Qxf2+ 33. Kh2 Qxf1 34. Qc3+ (34. Qxc6 $2 Rxg2#) 34... f6 35. Ra7+ (35. Qxd2 Qxb5 36. Qd7+ Bf7 $18) 35... Bf7 36. Qxd2 Qxb5 37. Qd6) 31... Rd5 $1 $19 32. Rxb3 Rxc5 33. bxc5 Qe5 34. Rb4 f5 (34... Qxc5 35. Rxe4 Qd6 36. Rd4 $11) 35. Rc4 g5 36. g3 Kf6 37. Bg2 Qd5 38. Bf1 Ke5 39. Rc3 Qd1 40. Rc4 Qe1 41. Ra4 Kd5 42. Ra8 Qc3 ({Much less strong is} 42... Kxc5 43. Rf8 $17) 43. Rf8 Kxc5 44. Rxf5+ Kd6 (44... Kb4 $19 45. Kg2 Qg7) 45. Rf8 c5 46. Ra8 Qc1 47. Rd8+ {[%emt 0:01:02] [#]} (47. Ra6+ $17 Kd5 48. Ra5) 47... Ke7 $1 $19 48. Ra8 $2 (48. Rc8) 48... c4 $19 49. Ra4 c3 50. Rxe4+ Kf6 51. Kg2 Qd2 52. Bc4 c2 53. Re6+ Kg7 54. Re7+ Kf8 55. Rf7+ Ke8 56. Rc7 c1=Q (56... c1=B $2 57. Bb5+ Kf8 58. Be2 $19) 57. Bb5+ Kf8 58. Rxc1 Qxc1 59. Be2 Qb2 60. Bf3 Qf6 61. Be2 Ke7 62. Bg4 Kd6 63. f4 Kc5 64. Be2 Qe6 0-1

[Event "15th Chennai GM Open 2025"]
[Site "Chennai"]
[Date "2025.01.03"]
[Round "2.9"]
[White "Fedorov, Alexei"]
[Black "Rajarishi Karthi"]
[Result "0-1"]
[ECO "C19"]
[WhiteElo "2409"]
[BlackElo "2131"]
[Annotator "TA"]
[PlyCount "86"]
[EventDate "2025.01.02"]
[EventType "swiss"]
[EventCountry "IND"]
[SourceTitle "playchess.com"]
[Source "ChessBase"]
[SourceQuality "1"]
[TimeControl "5400+30"]

1. e4 e6 2. d4 d5 3. Nc3 Bb4 4. e5 c5 5. a3 Bxc3+ 6. bxc3 Ne7 7. a4 Qc7 8. Nf3 Nbc6 9. Ba3 b6 10. Bd3 h6 11. O-O Bd7 ({Better is} 11... O-O $11) 12. Re1 Na5 13. h4 Bxa4 14. Bxc5 bxc5 15. Rxa4 c4 16. Bf1 Rb8 17. h5 Nac6 18. g3 Rb5 19. Qd2 Ra5 20. Rxa5 Qxa5 21. Bh3 Kd7 (21... Qa2 $15) 22. Nh4 (22. Qf4 $11 Ke8 23. Qd2) 22... Rb8 $15 23. Ng2 (23. f4 $1 $15) 23... Qa2 $1 $17 24. Qc1 {[%emt 0:04:31] Inhibits Rb1.} (24. f4 $17 {was called for.}) 24... a5 $19 25. Ne3 {[%emt 0:00:17] [#]} a4 $1 26. Qa1 {[%emt 0:05:08] [#]} Rb2 $1 27. Kg2 a3 {[%emt 0:01:49] aiming for ...Qxa1.} 28. Qd1 (28. Qxa2 $142 Rxa2 29. Rc1) 28... Rb5 29. Qg4 $2 (29. Rf1) 29... Rb1 {[%emt 0:03:59] Active counter play!} 30. Qxg7 Rxe1 31. Qxf7 {[%emt 0:00:47] [#]} Rxe3 $1 32. Bxe6+ Kc7 33. Bxd5 {[%emt 0:00:09] [#]} Kb6 $1 34. Bxc6 Nxc6 35. d5 Nxe5 (35... Rxc3 36. dxc6 Rxc2 (36... Qxc2 $2 {too greedy.} 37. Qb7+ Ka5 38. c7 $18) 37. Qb7+ Kc5 38. c7 Rxf2+ 39. Kh3 $11) 36. Qe6+ Ka5 37. d6 Qxc2 38. Qd5+ Ka4 39. d7 Rd3 40. d8=Q Rxd5 41. Qxd5 Qxc3 42. Qa8+ Kb3 43. Qb8+ Kc2 0-1

[Event "15th Chennai GM Open 2025"]
[Site "Chennai"]
[Date "2025.01.03"]
[Round "2.10"]
[White "Bhosale Shriraj"]
[Black "Kaustuv, Kundu"]
[Result "0-1"]
[ECO "B10"]
[WhiteElo "2125"]
[BlackElo "2409"]
[Annotator "TA"]
[PlyCount "88"]
[EventDate "2025.01.02"]
[EventType "swiss"]
[EventCountry "IND"]
[SourceTitle "playchess.com"]
[Source "ChessBase"]
[SourceQuality "1"]
[TimeControl "5400+30"]

1. e4 c6 2. d3 d5 3. Nd2 e5 4. Ngf3 Bd6 5. g3 Nf6 6. Bg2 O-O 7. O-O Re8 8. c3 Nbd7 9. Qc2 a5 10. a4 b6 11. Re1 Ba6 12. Nb3 Rc8 13. h3 Qc7 14. Nh4 Bb7 15. Nf5 Bf8 16. exd5 cxd5 {[%emt 0:01:15][%cal Od5d4] And now ...d4! would win.} 17. d4 e4 18. Bf4 Qc6 19. g4 {[%emt 0:00:41] Prevents Nh5.} g6 20. Nh6+ Kg7 21. Qc1 Ba6 (21... Ng8 {simplifies} 22. Nxg8 Kxg8 23. Qe3 Bd6) 22. Nd2 Ng8 {[%emt 0:02:27] Active counter play!} 23. Nf1 Nxh6 24. Bxh6+ Kg8 25. Ng3 (25. Qe3 $5) 25... Bd6 26. Qe3 Nf8 27. Rac1 (27. f4 $1 $11) 27... Bc4 28. Nf1 Bb8 (28... Qxa4 29. f3 $11) 29. Nd2 Bd3 (29... Qxa4 $6 30. f3 $11) 30. c4 $2 Qd6 $40 {[%emt 0:03:28][%mdl 128] Black attacks with force.} (30... Bxc4 $2 31. b3 $18) 31. f4 (31. Qg3 {keeps fighting.} Qxg3 (31... Bxc4 32. Qxd6 Bxd6 33. Nxc4 $14) 32. fxg3) 31... exf3 ({Weaker is} 31... Bxc4 32. Nxc4 Rxc4 33. Rxc4 dxc4 34. Bxe4 $11) 32. Qxf3 dxc4 33. d5 {[%emt 0:02:59] Against Ne6} Nd7 34. Ne4 $2 (34. Nf1) 34... Qh2+ 35. Kf2 Be5 36. Ng3 Bxb2 37. Be3 {[%emt 0:00:44] Prevents Bd4} (37. Qf4 $142 Ba3 38. Nf1 Qxf4+ 39. Bxf4) 37... Ne5 38. Qf4 {[%emt 0:00:33] [#]} Be4 $2 39. Qxe4 $2 (39. Nxe4 Nd3+ 40. Kf3 Qxf4+ (40... Nxf4 $2 {perishes.} 41. Bxf4 Bxc1 42. Bxh2 $18) 41. Bxf4 Nxe1+ (41... Bxc1 42. Nf6+ Kh8 43. Rxe8+ Rxe8 44. Bxc1 $16) (41... Rxe4 42. Rxe4 Bxc1 43. Bg3 $17) 42. Rxe1) 39... Nd3+ 40. Qxd3 cxd3 41. Rxc8 Rxc8 42. Kf3 Rc2 43. Bf2 d2 44. Rd1 Rc3+ (44... Rc1 $142 45. Rxd2 Rc3+ 46. Be3 Rxe3+ 47. Kxe3 Qxg3+ 48. Ke4 Qe5+ 49. Kf3 Qc3+ 50. Ke2 Bc1 51. h4 Qxd2+ 52. Kf1 Bb2 53. Bf3 Bd4 54. Be2 Qf4+ 55. Kg2 Qf2+ 56. Kh3 Be5 57. h5 Qh2#) 0-1

[Event "15th Chennai GM Open 2025"]
[Site "Chennai"]
[Date "2025.01.03"]
[Round "2.11"]
[White "Sathvik Adiga"]
[Black "Banik Hrishikesh Kumar"]
[Result "1-0"]
[ECO "C54"]
[WhiteElo "2395"]
[BlackElo "2123"]
[Annotator "TA"]
[PlyCount "115"]
[EventDate "2025.01.02"]
[EventType "swiss"]
[EventCountry "IND"]
[SourceTitle "playchess.com"]
[Source "ChessBase"]
[SourceQuality "1"]
[TimeControl "5400+30"]

1. e4 e5 2. Nf3 Nc6 3. Bc4 Bc5 4. c3 Nf6 5. d3 O-O 6. O-O d6 7. Re1 h6 8. h3 a5 9. Bb5 Ba7 10. Nbd2 Ne7 11. d4 Ng6 12. Bd3 c6 13. Nf1 d5 14. Nxe5 Nxe5 15. dxe5 Nxe4 16. Be3 (16. Bxe4 dxe4 17. Qe2 Qd3 18. Qxe4 Qxe4 19. Rxe4 Rd8 20. Be3) 16... Bxe3 17. Rxe3 Qg5 18. Nd2 Qxe5 19. Nxe4 dxe4 20. Bxe4 Qf6 21. Qb3 Be6 22. Qxb7 Rab8 23. Qxc6 Rxb2 24. Rf3 Qg5 25. a4 Qe5 26. Rd1 Re2 27. Bd3 Re1+ (27... Bd5 $2 28. Qxd5 (28. Bh7+ $2 Kxh7 29. Qxd5 Re1+ 30. Rxe1 Qxd5 $19) 28... Qxd5 29. Bh7+ (29. Bxe2 Qb3 $15) 29... Kxh7 30. Rxd5 $16) 28. Rxe1 Qxe1+ 29. Kh2 Qe5+ $1 30. Rg3 Rd8 31. Qb5 (31. Qe4 {simplifies} Qxe4 32. Bxe4 Kf8 33. Bd3) 31... Qf4 32. Kg1 (32. Qxa5 $2 Rxd3 33. Qb4 Bc4 $19 (33... Qxf2 $2 34. Rxd3 Kh7 35. Qd4 $18)) 32... Qc1+ 33. Bf1 Rc8 $2 (33... Rd1 $11) 34. Qe5 $18 (34. Qxa5 $2 Bc4 35. Kh2 Qxf1 $19 (35... Bxf1 36. Qe5 $11)) 34... g5 {[%emt 0:00:22] [#]} 35. f4 $1 (35. Qxa5 $2 Bc4 36. Qb6 Qxf1+ 37. Kh2 Kh7 $19) 35... Bc4 36. fxg5 (36. Rf3 g4 (36... Bxf1 37. Rxf1 Qxc3 38. Qxc3 $11) 37. hxg4 Bxf1 38. Rxf1 Qxc3 $14) 36... Qxf1+ 37. Kh2 h5 38. g6 $1 f6 39. Qe7 $2 (39. Qxh5 $18 {White threatens Qh7+ and mate.} Rc7 40. Qh6 (40. Qxa5 Qf4 $11)) 39... Qf4 $16 40. Qh7+ Kf8 41. g7+ Ke8 42. g8=Q+ (42. g8=B $2 h4 43. Qg6+ Kd8 44. Bxc4 hxg3+ (44... Qxg3+ $2 45. Qxg3 hxg3+ 46. Kxg3 $19) 45. Qxg3 Rxc4 $19 (45... Qxc4 $2 46. Qd6+ Ke8 47. Qxf6 $19) (45... Qxg3+ $2 46. Kxg3 Rxc4 47. Kf3 $19)) (42. g8=N Bf7 $16) (42. g8=R+ Bxg8 43. Qxg8+ Ke7 44. Qxc8 h4 45. Qc5+ Kf7) 42... Bxg8 43. Qxg8+ Kd7 $2 {[%emt 0:00:04] [#]} (43... Ke7 $16 44. Qxc8 h4 45. Qb7+ (45. Qc5+ Kf7 $16) 45... Ke8 46. Qc6+ Kf7 47. Qd5+ Kf8 48. Qd8+ Kf7 49. Qd5+) 44. Qd5+ $1 $18 Ke7 45. Qxh5 $2 ({White has to play} 45. Qxa5 $18 {And now Qb4+ would win.} Rc4 46. Qxh5 Rxc3 47. Qg4) 45... Rxc3 $11 46. Qh7+ Kd6 47. Qg8 Ke7 48. Qg7+ Ke8 49. Qg4 Qe5 50. h4 f5 $2 (50... Rxg3 $11 {and Black has nothing to worry.} 51. Qxg3 Qe4) 51. Qg6+ $18 Ke7 52. Qg5+ Ke6 53. h5 Rd3 $2 (53... Rxg3 $16 54. Qxg3 Qd4) 54. Kh3 (54. Qg6+ $18 {and White stays clearly on top.} Ke7 55. h6 Rxg3 56. Qxg3) 54... Rd4 $2 (54... Rxg3+ $16 55. Qxg3 Qc5 56. Qg6+ Ke7 57. Qg5+ Kf7) 55. Qg8+ Kd6 56. Qb8+ Kd5 57. Qb5+ Ke4 58. Re3+ 1-0

[Event "15th Chennai GM Open 2025"]
[Site "Chennai"]
[Date "2025.01.03"]
[Round "2.12"]
[White "Sammed Jaykumar, Shete"]
[Black "Jihan Tejas Shah"]
[Result "1-0"]
[ECO "B31"]
[WhiteElo "2379"]
[BlackElo "2109"]
[Annotator "TA"]
[PlyCount "157"]
[EventDate "2025.01.02"]
[EventType "swiss"]
[EventCountry "IND"]
[SourceTitle "playchess.com"]
[Source "ChessBase"]
[SourceQuality "1"]
[TimeControl "5400+30"]

1. e4 c5 2. Nf3 Nc6 3. Bb5 g6 4. Bxc6 dxc6 5. d3 Bg7 6. h3 Nf6 7. Nc3 O-O 8. Be3 b6 9. Bf4 Nh5 10. Bh2 e5 11. Qd2 Qd6 12. Ne2 f5 13. exf5 Rxf5 14. Ng3 Nxg3 15. Bxg3 Be6 16. c4 b5 17. Qe2 Rd8 18. O-O-O Qf8 19. Rhe1 Re8 20. Nd2 Bh6 21. Kb1 Bxd2 22. Rxd2 Qf7 23. b3 a5 24. Qe3 a4 25. Rc1 axb3 26. axb3 Qb7 27. Kc2 e4 28. dxe4 bxc4 29. bxc4 Bxc4 {[%emt 0:06:43] [#]} 30. f3 (30. Qc3 $1 $16 Bb5) 30... Rd5 $11 31. Kd1 (31. Qc3 $2 Bb3+ 32. Qxb3 Qxb3+ 33. Kxb3 Rxd2 $19) 31... Qb3+ (31... Bf1 $142) 32. Qxb3 $11 Bxb3+ 33. Ke1 Rxd2 34. Kxd2 Ra8 35. Rxc5 Ra2+ 36. Ke3 Rxg2 37. Be5 Ba4 ({Black should try} 37... Rc2 $11 38. Bc3 Ba4) 38. Ra5 $1 $14 Bb5 39. Ra7 h5 (39... g5 $14) 40. h4 $16 Kf8 41. Bf6 Bc4 42. Rc7 Be6 43. Rxc6 Kf7 44. Bg5 Ra2 45. Rc7+ Kf8 46. Kf4 Bf7 $2 (46... Bh3 47. Be7+ Ke8) 47. Be7+ $18 Kg7 48. Bc5 Ra8 $2 (48... Rh2 49. Bd4+ Kf8) 49. Bd4+ (49. e5 $142 Re8 50. Bd6) 49... Kg8 50. Kg5 Re8 51. Bf6 Ra8 52. Kh6 Re8 53. e5 Re6 54. Kg5 (54. f4 $142 Re8 55. Rd7) 54... Kf8 55. Kh6 (55. Ra7 $142 Kg8 56. f4) 55... Kg8 $1 $18 56. f4 Re8 57. Be7 Ra8 58. Bb4 Rb8 59. Bc5 Re8 60. Bd6 Re6 61. Be7 Be8 62. Kg5 (62. Bc5 $142 Bf7 63. Be7 Be8 64. Ra7 Bf7 65. Ra8+ Be8 66. Rxe8+ Kf7 67. Rd8 Rxe7 68. Rd6) 62... Bf7 63. Rc8+ Kh7 64. Bd6 Kg7 65. Bf8+ (65. Rc7 $142 Re8 66. Be7 Ra8 67. Bf6+ Kg8 68. Kh6 Re8 69. Be7 Ra8 70. Bd6) 65... Kh7 66. Rc7 (66. Bb4 $142 Kg7 67. Bf8+ Kh7 68. Rc7 Kg8 69. Be7 Kg7 70. Bf6+ Kg8 71. Kh6) 66... Kg8 $18 67. Be7 Be8 68. Bf6 (68. Kh6 $142 Kh8 69. Bd6 g5+ 70. Kxg5 Rg6+ 71. Kf5) 68... Bf7 $18 69. Kh6 (69. Rd7 $142 Re8 70. Kh6) 69... Re8 $1 $18 70. Rc1 Ra8 71. Rg1 Kf8 72. Rxg6 Bxg6 73. Kxg6 Ra4 74. f5 (74. Kxh5 Rxf4 75. Kg6 Rf2 $11) 74... Rf4 75. Bg5 (75. Kxh5 Rxf5+ 76. Kg6 Rf1 $11) 75... Re4 76. e6 (76. Kxh5 Rxe5 77. Kg6 Rc5 $11) 76... Re5 77. e7+ (77. Kxh5 Rxf5 78. Kg6 Re5 $16) 77... Ke8 78. f6 $1 ({Stronger than} 78. Kxh5 Rxf5 79. Kg6 Rd5 $11) 78... Re6 79. Kg7 1-0

[Event "15th Chennai GM Open 2025"]
[Site "Chennai"]
[Date "2025.01.03"]
[Round "2.13"]
[White "Shahil Dey"]
[Black "Advaitt Srikant Koduri"]
[Result "1-0"]
[ECO "A07"]
[WhiteElo "2374"]
[BlackElo "2105"]
[Annotator "TA"]
[PlyCount "137"]
[EventDate "2025.01.02"]
[EventType "swiss"]
[EventCountry "IND"]
[SourceTitle "playchess.com"]
[Source "ChessBase"]
[SourceQuality "1"]
[TimeControl "5400+30"]

1. Nf3 d5 2. g3 Nf6 3. Bg2 c6 4. O-O Bf5 5. Nh4 Bg6 6. f4 e6 7. d3 Be7 8. Qe1 Qb6+ 9. e3 Nbd7 10. Kh1 Ng4 11. h3 Bxh4 12. hxg4 Bf6 13. Nd2 h6 14. a4 Qc5 15. e4 Qxc2 (15... dxe4 $1 $15 16. Nxe4 Bxe4 17. dxe4 Qxc2) 16. f5 $11 O-O-O (16... Bxb2 $2 17. Bxb2 Qxb2 18. fxg6 $18) (16... Nc5 $14 17. exd5 Nxd3) 17. fxg6 $16 fxg6 18. Ra3 h5 ({Better is} 18... g5 $1 $14) 19. g5 $1 $18 Bxg5 20. Nf3 Bxc1 21. Qxc1 Qxc1 22. Rxc1 dxe4 23. dxe4 Nf6 24. Ne5 Rd2 {[%emt 0:01:26] [#]} 25. b4 (25. Nc4 $1 $18 Rd7 26. e5) 25... Ng4 (25... Rhd8 $16) 26. Nc4 $18 Re2 (26... Rd4 27. Kg1 Kb8) 27. Bf3 $18 Rf2 28. Kg1 Rf8 29. Ne5 Rb2 30. Bxg4 hxg4 31. b5 (31. Nxg6 Rff2 $11) 31... Rff2 32. Nxg4 Rfc2 33. Rxc2 Rxc2 34. bxc6 bxc6 35. Ne3 Rd2 36. Rc3 Kc7 37. Nc4 Rd4 38. Na5 Rxa4 (38... Rxe4 $142 39. Nxc6 (39. Rxc6+ Kd7 $18) 39... Rxa4) 39. Rxc6+ $18 Kd7 40. Ra6 Rxe4 $2 (40... Kc7 41. e5 (41. Rxa7+ Kb6 $18) 41... Ra1+ 42. Kg2 g5) 41. Rxa7+ $18 Kd6 42. Rxg7 Rg4 43. Kf2 Ke5 44. Rf7 Ra4 45. Nc6+ Kd6 46. Ne7 g5 47. Ng6 Kd5 48. Re7 $2 ({White should try} 48. Kg2 $18) 48... Ke4 $1 $14 49. Rf7 (49. g4 $14 Ra2+ 50. Ke1) 49... Ra2+ $2 (49... Kd5 $1 $11 50. Kg2 e5) 50. Kg1 $18 e5 51. Rf2 Ra6 (51... Ra7 {was worth a try.} 52. Kg2 Kd4) 52. Ne7 $18 Kd3 53. Rf3+ Ke4 54. Rf1 Kd3 $2 (54... Ra2 55. Rf2 Ra7) 55. Re1 $18 e4 56. Nf5 Re6 57. Re3+ Kd2 58. Kf2 g4 59. Re2+ Kd3 60. Ke1 $2 ({White has to play} 60. Ne3 $18) 60... e3 $14 61. Ra2 Ke4 $2 {[%emt 0:00:55][%mdl 8192] [#]} (61... Rf6 $14) 62. Nh4 $1 $18 Rb6 63. Ke2 Rb4 64. Ng2 Kf5 65. Nxe3+ Kg5 66. Ra5+ Kg6 67. Rc5 Rb2+ 68. Rc2 Rb4 69. Rc4 1-0

[Event "15th Chennai GM Open 2025"]
[Site "Chennai"]
[Date "2025.01.03"]
[Round "2.14"]
[White "Sneha Halder"]
[Black "Venkatesh, M.R."]
[Result "0-1"]
[ECO "A10"]
[WhiteElo "2105"]
[BlackElo "2362"]
[Annotator "TA"]
[PlyCount "74"]
[EventDate "2025.01.02"]
[EventType "swiss"]
[EventCountry "IND"]
[SourceTitle "playchess.com"]
[Source "ChessBase"]
[SourceQuality "1"]
[TimeControl "5400+30"]

1. c4 g6 2. Nc3 Bg7 3. e4 e5 4. d3 d6 5. g3 h5 6. h4 Nc6 7. Nge2 Bg4 8. Bg2 Nd4 9. Qa4+ c6 (9... Bd7 $5 10. Qd1 $8 Bg4 $11) 10. Nxd4 exd4 11. Ne2 Ne7 12. f3 Bd7 13. Qb4 Qb8 14. Bf4 c5 15. Qd2 Nc6 16. a3 a5 17. a4 Qc7 18. b3 Ne5 19. O-O (19. Qc2 $11) 19... O-O-O {[%emt 0:01:01] Black is more active.} 20. Bg5 Rdg8 21. Nf4 {[%emt 0:08:07] Threatens to win with Nd5.} f6 $1 22. Nd5 Qd8 23. Bf4 Be6 24. Bxe5 dxe5 25. f4 Bh6 26. Qf2 Rf8 27. Kh2 (27. Qe2 $15) 27... g5 $17 28. Bh3 {[%emt 0:03:01] [#]} Bxh3 (28... g4 $1 $17 29. Bg2 Bxd5 30. exd5 exf4 31. gxf4 f5) 29. Kxh3 $11 exf4 30. gxf4 gxf4 {[%emt 0:00:05] And now ...Rhg8 would win.} 31. Qf3 $2 (31. Rg1 $11 {and White is okay.}) 31... f5 (31... Kb8 $19 32. Rg1 Rfg8 33. Nxf4 Qd7+ 34. Kh2 Qc7) 32. e5 $2 (32. exf5 $1 $11 Kb8 (32... Rxf5 33. Qe4 $11) 33. f6) 32... Rhg8 33. Nxf4 $2 (33. e6 Rg3+ 34. Qxg3 fxg3 35. e7) 33... Rg4 $19 34. Ng2 f4 {[%emt 0:00:26] ( -> ...Qd7)} 35. Qd5 Rfg8 (35... Qe7 $142 {( -> ...Rfg8)} 36. e6 Rd8 37. Qxh5 Rg3+ 38. Kh2 Qxe6) 36. Qe6+ (36. Qxd8+ $19 Kxd8 37. Ne1) 36... Kb8 37. Nxf4 Qxh4# 0-1

[Event "15th Chennai GM Open 2025"]
[Site "Chennai"]
[Date "2025.01.03"]
[Round "2.15"]
[White "Nguyen, Duc Hoa"]
[Black "Siddhanth Poonja"]
[Result "1/2-1/2"]
[ECO "B35"]
[WhiteElo "2358"]
[BlackElo "2096"]
[Annotator "TA"]
[PlyCount "120"]
[EventDate "2025.01.02"]
[EventType "swiss"]
[EventCountry "IND"]
[SourceTitle "playchess.com"]
[Source "ChessBase"]
[SourceQuality "1"]
[TimeControl "5400+30"]

1. e4 c5 2. Nc3 Nc6 3. Nf3 g6 4. d4 cxd4 5. Nxd4 Bg7 6. Be3 Nf6 7. Bc4 O-O 8. Bb3 Re8 9. f3 d5 10. exd5 Nb4 {[%emt 0:00:27][%cal Rb4d5] White is slightly better.} 11. Nde2 e6 $1 12. Bd4 Nbxd5 13. Nxd5 (13. Bxd5 {is more complex.} exd5 14. Qd2 b5 15. a3) 13... Nxd5 14. Bxg7 Kxg7 15. Bxd5 Qxd5 16. Qxd5 exd5 17. Kd2 Kf6 18. Rhe1 Be6 19. Nd4 Bd7 20. c3 a6 21. g3 h5 22. h4 Rxe1 23. Rxe1 $11 {[%emt 0:00:10][%mdl 4096] Endgame. KRB-KRN} Rc8 24. Kd3 Be6 25. Re3 Ke7 26. b3 Kd6 27. Ne2 Rg8 28. f4 Bg4 29. Nc1 Bf5+ 30. Kd4 f6 31. Ne2 Bb1 32. a3 {[%emt 0:09:34] The position is equal.} b5 33. c4 dxc4 34. bxc4 Rc8 35. cxb5 axb5 {[%emt 0:01:12][%csl Gb5][%cal Rc8c4] [#]} 36. Rb3 Bf5 37. Nc3 Rc4+ 38. Ke3 Bc2 39. Nxb5+ Kc5 40. Rb2 Ba4 41. Nc7 Rc3+ 42. Kf2 Rxa3 43. f5 gxf5 44. Ne6+ Kd6 45. Nf4 Bc6 46. Nxh5 f4 47. Rd2+ Ke7 48. gxf4 Rh3 49. Ng3 Ke6 50. Rd4 f5 51. h5 Rh2+ 52. Ke1 Bf3 53. Rb4 Bg4 54. Rb6+ Kf7 55. h6 Rg2 56. Rb7+ Kf6 57. Rb8 {[%emt 0:00:34] [#] Hoping for h7.} Rh2 (57... Rxg3 58. h7 Rh3 59. h8=Q+ (59. h8=R Re3+ 60. Kd2 Ra3 $18) 59... Rxh8 60. Rxh8 $18) 58. Rb6+ Kf7 59. Kf1 Kg8 60. Rf6 Kh7 {[%emt 0:01:29] Weighted Error Value: White=0.04 (flawless) /Black=0.03 (flawless) .  Inaccurate:     	White=2     	Black=1      OK:         	White=17    	Black=29     Best:        	White=1     	Black=1      Strong:       	---       	Black=1} 1/2-1/2